 Dungeon Crawl Stone Soup version 0.24.1-4-ge52af88ad5 (webtiles) character file.

Game seed: 11106057828353377404, levelgen mode: deterministic

68529 Bodigarde the Unseen (level 14, -6/110 HPs)
             Began as a Vampire Enchanter on Mar 18, 2020.
             Was the Champion of Okawaru.
             Mangled by an ettin
             ... wielding a +0 dire flail
              (39 damage)
             ... on level 13 of the Dungeon on Apr 15, 2020.
             The game lasted 03:05:19 (29137 turns).

Bodigarde the Unseen (Vampire Enchanter)           Turns: 29137, Time: 03:05:19

Health: -6/110     AC: 16    Str:  8    XL:     14   Next: 87%
Magic:  0/19       EV: 24    Int:  9    God:    Okawaru [******]
Gold:   1879       SH:  8    Dex: 24    Spells: 11/19 levels left

rFire    + . .     SeeInvis +   b - +7 demon blade "Ydolien" {pain, rC+ rN++ Int-4}
rCold    . . .     Gourm    .   N - +0 buckler
rNeg     + + .     Faith    .   h - +1 ring mail of Wariness {+Inv MR+++ Int-4}
rPois    .         Spirit   +   J - +0 helmet
rElec    .         Reflect  .   P - +1 cloak
rCorr    .         Harm     .   t - +1 pair of gloves of Theory {Dex+5}
MR       ++++.                  Q - +0 pair of boots
Stlth    ++++++++..             O - amulet of guardian spirit
HPRegen  0.48/turn              I - ring of flight
MPRegen  0.16/turn              T - ring of fire

@: heroism, finesse, regenerating quickly
A: no food, fangs 3, see invisible, unbreathing
a: Exsanguinate, Heroism, Finesse, Renounce Religion, Evoke Invisibility, Evoke
Flight


You were on level 13 of the Dungeon.
You worshipped Okawaru.
Okawaru was exalted by your worship.
You were alive.

You visited 3 branches of the dungeon, and saw 21 of its levels.
You also visited: Ossuary and Ice Cave.

You collected 2770 gold pieces.
You spent 891 gold pieces at shops.

Inventory:

Hand Weapons
 a - the +8 quick blade of Deformation {freeze, rC+}
   (Okawaru gifted it to you on level 1 of the Lair of Beasts)

   It has been specially enchanted to freeze those struck by it, causing extra
   injury to most foes and up to half again as much damage against particularly
   susceptible opponents.
   It can also slow down cold-blooded creatures.
   It protects you from cold.
 b - the +7 demon blade "Ydolien" (weapon) {pain, rC+ rN++ Int-4}
   (Okawaru gifted it to you on level 2 of the Orcish Mines)

   In the hands of one skilled in necromantic magic, it inflicts extra damage on
   living creatures.
   It affects your intelligence (-4).
   It protects you from cold.
   It greatly protects you from negative energy.
Missiles
 u - 123 poisoned darts (quivered)
 G - 17 boomerangs
 X - 5 curare-tipped darts
 Y - 8 silver javelins
Armour
 h - the +1 ring mail of Wariness (worn) {+Inv MR+++ Int-4}
   (You bought it in a shop on level 2 of the Orcish Mines)

   It affects your intelligence (-4).
   It affects your resistance to hostile enchantments.
   It lets you turn invisible.
 t - the +1 pair of gloves of Theory (worn) {Dex+5}
   (Okawaru gifted it to you on level 12 of the Dungeon)

   It affects your dexterity (+5).
 J - a +0 helmet (worn)
 N - a +0 buckler (worn)
 P - a +1 cloak (worn)
 Q - a +0 pair of boots (worn)
Jewellery
 I - a ring of flight (left hand)
 O - an amulet of guardian spirit (around neck)
 S - the ring "Wetwasta" {Ice rElec rPois Str+2}
   (You found it on level 3 of the Lair of Beasts)

   [ring of ice]

   It enhances your ice magic.
   It affects your strength (+2).
   It makes you vulnerable to fire.
   It protects you from cold.
   It insulates you from electricity.
   It protects you from poison.
 T - a ring of fire (right hand)
Wands
 l - a wand of iceblast (22)
 E - a wand of flame (27)
 F - a wand of polymorph (12)
 K - a wand of clouds (5)
 M - a wand of acid (6)
Scrolls
 f - 8 scrolls of teleportation
 g - 3 scrolls of enchant armour
 i - 8 scrolls of remove curse
 n - a scroll of immolation
 o - a scroll of blinking
 s - a scroll of amnesia
 y - 3 scrolls of magic mapping
 R - 6 scrolls of identify
Potions
 d - a potion of might
 e - 10 potions of curing
 j - 3 potions of haste
 k - a potion of cancellation
 m - 3 potions of heal wounds
 p - 3 potions of ambrosia
 q - 3 potions of resistance
 r - 6 potions of mutation
 v - a potion of berserk rage
 z - 4 potions of lignification
 A - 8 potions of brilliance
 B - 4 potions of agility
 D - 4 potions of flight
 W - 2 potions of invisibility
Miscellaneous
 c - a fan of gales
 H - a sack of spiders
 V - a lightning rod (4/4)


   Skills:
 + Level 10.3(15.3) Fighting
 - Level 10.0(16.6) Short Blades
 * Level 9.3(15.9) Long Blades
 + Level 7.0(12.0) Armour
 + Level 12.4(17.4) Dodging
 - Level 15.9(20.9) Stealth
 - Level 4.0(9.0) Shields
 - Level 3.1 Spellcasting
 - Level 7.0 Hexes
 + Level 2.5 Necromancy
 + Level 7.8 Invocations
 + Level 1.8 Evocations


You had 11 spell levels left.
You knew the following spells:

 Your Spells              Type           Power        Failure   Level  Hunger
a - Corona                Hex            ##.....      3%          1    N/A
b - Ensorcelled Hibernat  Hex/Ice        #.....       24%         2    N/A
c - Confuse               Hex            ##......     11%         3    N/A
d - Confusing Touch       Hex            ##....       3%          1    N/A
e - Animate Skeleton      Necr           N/A          24%         1    N/A

Your spell library contained the following spells:

 Spells                   Type           Power        Failure   Level  Hunger
 Tukima's Dance           Hex            ##......     11%         3    N/A
 Dazzling Spray           Conj/Hex       #.....       43%         3    N/A
 Summon Guardian Golem    Hex/Summ       #.......     43%         3    N/A
 Apportation              Tloc           #.....       56%         1    N/A
 Freeze                   Ice            #...         56%         1    N/A
 Sting                    Conj/Pois      #...         56%         1    N/A
 Summon Small Mammal      Summ           #...         56%         1    N/A
 Call Imp                 Summ           #.......     71%         2    N/A
 Passwall                 Tmut/Erth      #.......     71%         2    N/A
 Poisonous Vapours        Pois/Air       #.....       71%         2    N/A
 Swiftness                Chrm/Air       #.......     71%         2    N/A
 Throw Frost              Conj/Ice       #.....       71%         2    N/A
 Call Canine Familiar     Summ           #.......     90%         3    N/A
 Conjure Flame            Conj/Fire      #.......     90%         3    N/A
 Gell's Gravitas          Tloc           #.........   90%         3    N/A
 Mephitic Cloud           Conj/Pois/Air  #.......     90%         3    N/A
 Ozocubu's Armour         Chrm/Ice       #.......     90%         3    N/A
 Metabolic Englaciation   Hex/Ice        #.........   99%         5    N/A
 Yara's Violent Unravell  Hex/Tmut       #.........   99%         5    N/A
 Darkness                 Hex            ##........   99%         6    N/A
 Invisibility             Hex            ##......     99%         6    N/A
 Olgreb's Toxic Radiance  Pois           #.......     100%        4    N/A
 Passage of Golubria      Tloc           N/A          100%        4    N/A
 Petrify                  Tmut/Erth      #.......     100%        4    N/A
 Summon Ice Beast         Ice/Summ       #.......     100%        4    N/A
 Summon Lightning Spire   Summ/Air       #.......     100%        4    N/A
 Throw Icicle             Conj/Ice       #.......     100%        4    N/A
 Irradiate                Conj/Tmut      #.........   100%        5    N/A
 Lee's Rapid Deconstruct  Erth           #.........   100%        5    N/A
 Venom Bolt               Conj/Pois      #.........   100%        5    N/A
 Freezing Cloud           Conj/Ice/Air   #.........   100%        6    N/A
 Hydra Form               Tmut           #.........   100%        6    N/A
 Statue Form              Tmut/Erth      #........    100%        6    N/A
 Dragon Form              Tmut           #.........   100%        7    N/A
 Ring of Flames           Chrm/Fire      #.........   100%        7    N/A

Dungeon Overview and Level Annotations

Branches:
Dungeon (13/15)            Temple (0/1) D:7            Lair (6/6) D:11
  Swamp (0/4) Lair:3       Spider (0/4) Lair:4        Slime (0/5) Lair:6
    Orc (2/2) D:10            Elf (0/3) Orc:2       Ossuary (visited)
  IceCv (visited)
 Vaults: D:13-14

Altars:
Ashenzari
Elyvilon
Fedhas
Gozag
Hepliaklqana
Makhleb
Okawaru
Ru
Trog
Yredelemnul

Shops:
D:10 *!*   D:11 *   Orc:2 **[*

Annotations:
D:9 3 runed translucent doors, diiiiiane's ghost, novice DEFE
D:10 2 transporters, Peloso's ghost, novice MiFi
Lair:3 exclusion: oklob plant


Innate Abilities, Weirdness & Mutations

You do not eat.
Your natural rate of healing is unusually fast.
You have razor-sharp teeth.
You have supernaturally acute eyesight. (SInv)
You can survive without breathing.


Message History

You throw a poisoned dart. The poisoned dart hits the vault guard!
The vault guard is poisoned.
The vault guard is lightly wounded.
You slash the ettin!
The ettin is lightly wounded.
The phantom blinks!
You hit the ettin.
The ettin is lightly wounded.
The deep troll earth mage points at you and mumbles some strange words.
The wall shatters!
The blast of rock fragments hits you.
* * * LOW HITPOINT WARNING * * *
Unknown command.
You hit the ettin.
The ettin writhes in agony.
You bite the ettin, but do no damage.
The ettin is moderately wounded.
You hit the ettin.
The ettin is moderately wounded.
The ettin misses you.
The ettin hits you with a +0 dire flail!!!
You die...

##### # ##.#@#
###*#. ##T.C##
#..##.# ##.Op##
###...#.###..Y##
#........#...##
#.........ยง.##
.........).##
...........#
........(..###
******


You could see a vault guard, an ettin, a deep troll earth mage, an ice beast and
an ogre.

Vanquished Creatures
  Rupert (Orc:2)
  A fire dragon (Lair:6)
  A hydra (Lair:6)
  A catoblepas (Lair:5)
  3 two-headed ogres
  A death yak (Lair:4)
  3 orc high priests (Orc:2)
  Sonja (Lair:6)
  3 unseen horrors
  A lindwurm (Lair:6)
  Pikel (D:6)
  7 orc knights
  3 ugly things
  8 orc sorcerers
  2 wolf spiders (Lair:6)
  2 manticores
  A cyclops (D:11)
  A guardian serpent (Lair:6)
  2 ice statues (IceCv)
  5 black mambas (Lair:6)
  9 elephants (Lair:6)
  12 spiny frogs
  5 torpor snails (Lair:6)
  2 ice devils (D:13)
  6 komodo dragons
  Prince Ribbit (D:6)
  3 meliai (D:12)
  A polar bear (Lair:2)
  2 queen bees
  4 tyrant leeches (Lair:6)
  9 hornets
  11 hippogriffs
  13 blink frogs
  4 dream sheep (Lair:6)
  A water elemental (D:12)
  2 vampires
  2 redbacks
  43 yaks
  2 wraiths (D:12)
  12 wyverns
  2 vampire mosquitoes (D:13)
  2 hungry ghosts
  Grum (D:10)
  8 wargs
  A soldier ant (D:13)
  25 water moccasins
  Duvessa (D:7)
  6 porcupines
  4 sky beasts
  21 orc warriors
  An eye of draining (D:10)
  10 ice beasts
  A necrophage (D:13)
  3 wolves (D:10)
  4 centaurs
  11 ogres
  12 crocodiles
  3 big kobolds
  Blork the orc (D:4)
  12 bullfrogs
  2 water moccasin zombies (Ossuary)
  Dowan (D:7)
  3 scorpions
  2 wyvern skeletons
  38 killer bees
  9 wights
  4 electric eels (D:12)
  2 howler monkeys
  7 centaur zombies
  5 crimson imps
  A quasit (D:4)
  11 hounds
  2 bullfrog zombies (D:4)
  4 human zombies (D:12)
  4 jellies
  12 orc priests
  2 bullfrog skeletons
  3 centaur skeletons
  6 iguanas
  32 orc wizards
  9 worker ants
  2 big kobold zombies (Ossuary)
  6 hound zombies
  A hound skeleton (D:10)
  4 mummies
  8 gnolls
  7 adders
  3 shadow imps
  An ooze (D:6)
  6 adder zombies (Ossuary)
  5 adder skeletons
  3 worms (D:2)
  2 dart slugs
  6 leopard geckos
  76 orcs
  3 ball pythons
  3 bats
  2 giant cockroaches
  3 gnoll zombies (Ossuary)
  4 goblins
  4 hobgoblins
  10 jackals
  2 quokkas
  8 frilled lizards
  A giant cockroach zombie (D:6)
  4 hobgoblin zombies (Ossuary)
  A jackal skeleton (D:4)
  2 jackal zombies (D:4)
  21 kobolds
  5 kobold zombies (Ossuary)
  A leopard gecko skeleton (D:4)
  2 leopard gecko zombies (D:4)
  An orc skeleton (D:12)
  8 orc zombies
  3 quokka skeletons (D:4)
  A quokka zombie (D:7)
  5 rats
  2 plants
706 creatures vanquished.

Vanquished Creatures (others)
  A bullfrog (D:6)
  A bat (D:1)
  A giant cockroach (D:6)
  A rat (D:1)
  21 fungi (Lair:6)
  25 plants
50 creatures vanquished.

Grand Total: 756 creatures vanquished

Notes
Turn   | Place    | Note
-------+----------+-------------------------------------------
     0 | D:1      | Bodigarde the Vampire Enchanter began the quest for the
                  | Orb.
     0 | D:1      | Reached XP level 1. HP: 13/13 MP: 3/3
   307 | D:1      | Reached XP level 2. HP: 9/19 MP: 1/5
   518 | D:2      | You fall into a shaft and drop 1 floor!
   651 | D:2      | Learned a level 2 spell: Ensorcelled Hibernation
  1181 | D:2      | Reached XP level 3. HP: 20/24 MP: 0/6
  1634 | D:2      | Learned a level 3 spell: Confuse
  1891 | D:3      | Noticed a scorpion
  1918 | D:2      | Killed a scorpion
  1918 | D:2      | Reached XP level 4. HP: 27/31 MP: 0/7
  2099 | D:3      | Reached skill level 1 in Fighting
  3345 | D:3      | Reached skill level 5 in Hexes
  3377 | D:3      | Learned a level 1 spell: Confusing Touch
  3546 | D:3      | Reached XP level 5. HP: 15/29 MP: 4/8
  3942 | D:4      | Reached skill level 5 in Short Blades
  3942 | D:4      | Reached skill level 5 in Stealth
  3994 | D:4      | Reached XP level 6. HP: 29/39 MP: 7/9
  4770 | D:4      | Reached XP level 7. HP: 29/45 MP: 7/10
  4899 | D:4      | Reached skill level 6 in Stealth
  5242 | D:4      | Noticed Blork the orc
  5255 | D:4      | Killed Blork the orc
  5673 | D:5      | Entered Level 5 of the Dungeon
  5693 | D:5      | Found a sand-covered staircase.
  5705 | Ossuary  | Entered an ossuary
  6211 | D:5      | Reached skill level 7 in Stealth
  6211 | D:5      | Reached XP level 8. HP: 39/52 MP: 9/11
  6341 | D:5      | Reached skill level 5 in Dodging
  6413 | D:5      | Found a bloodstained altar of Trog.
  6414 | D:5      | Upgraded the game from 0.24.0-125-gc4c63601f3 to 0.24.1
  6902 | D:5      | Found an iron altar of Okawaru.
  6942 | D:5      | Became a worshipper of Warmaster Okawaru
  7252 | D:6      | Noticed Pikel
  7357 | D:6      | Reached skill level 8 in Stealth
  7414 | D:6      | Found a hazy altar of Hepliaklqana.
  7437 | D:6      | Killed Pikel
  7437 | D:6      | Reached * piety under Okawaru
  7437 | D:6      | Reached XP level 9. HP: 60/66 MP: 10/12
  7915 | D:6      | Found a burning altar of Makhleb.
  8110 | D:6      | Noticed Prince Ribbit
  8129 | D:6      | Killed Prince Ribbit
  8129 | D:6      | Reached skill level 9 in Stealth
  8309 | D:7      | Found a bloodstained altar of Trog.
  8316 | D:7      | Reached ** piety under Okawaru
  8590 | D:7      | Found a shattered altar of Ashenzari.
  8654 | D:7      | Found a staircase to the Ecumenical Temple.
  8837 | D:7      | Noticed Duvessa
  8846 | D:7      | Noticed Dowan
  8867 | D:7      | Killed Duvessa
  8867 | D:7      | Reached skill level 5 in Fighting
  8867 | D:7      | Reached skill level 1 in Invocations
  8893 | D:7      | Killed Dowan
  9452 | D:8      | Reached skill level 10 in Short Blades
  9483 | D:8      | Reached skill level 10 in Stealth
  9851 | D:8      | Reached skill level 1 in Long Blades
  9851 | D:8      | Reached XP level 10. HP: 28/74 MP: 10/13
 10584 | D:9      | Reached *** piety under Okawaru
 11782 | D:9      | Found an opulent altar of Gozag.
 11881 | D:9      | Reached skill level 1 in Armour
 12503 | D:9      | Reached **** piety under Okawaru
 12660 | D:9      | Found a runed translucent gate.
 12660 | D:9      | Found a runed translucent gate.
 12660 | D:9      | Found a runed translucent gate.
 12662 | D:9      | Found a sacrificial altar of Ru.
 12667 | D:9      | Noticed diiiiiane's ghost (novice DEFE)
 13049 | D:10     | Entered Level 10 of the Dungeon
 13391 | D:10     | Reached skill level 1 in Shields
 13703 | D:10     | Reached skill level 11 in Stealth
 13706 | D:10     | Found Fepah's Distillery.
 13776 | D:10     | Found Buarel's Assorted Antiques.
 13792 | D:10     | Bought a scroll labeled JADAQ GYEXOCY for 35 gold pieces
 13792 | D:10     | Bought a shiny golden ring for 175 gold pieces
 13904 | D:10     | Found a staircase to the Orcish Mines.
 14090 | D:9      | Found a white marble altar of Elyvilon.
 14103 | D:10     | Found a transporter.
 14103 | D:10     | Noticed Peloso's ghost (novice MiFi)
 14103 | D:10     | Noticed a skeletal warrior
 14122 | D:10     | Paralysed by a hornet for 3 turns
 14240 | D:10     | Found a transporter.
 14257 | D:10     | Noticed Grum
 14266 | D:10     | Reached ***** piety under Okawaru
 14270 | D:10     | Killed Grum
 14275 | D:10     | Reached XP level 11. HP: 70/83 MP: 12/14
 14374 | D:10     | Found Yplatydiob's General Store.
 14383 | D:10     | Bought a +0 helmet for 54 gold pieces
 14383 | D:10     | Bought a scroll of blinking for 90 gold pieces
 14409 | D:10     | Noticed a two-headed ogre
 14430 | D:10     | Killed a two-headed ogre
 14430 | D:10     | Reached skill level 5 in Long Blades
 14657 | D:10     | Found a blossoming altar of Fedhas.
 14718 | D:11     | Noticed a two-headed ogre
 14721 | D:11     | Killed a two-headed ogre
 15084 | D:11     | Noticed an unseen horror
 15240 | D:11     | Killed an unseen horror
 15240 | D:11     | Received a gift from Okawaru
 15240 | D:11     | Reached skill level 12 in Stealth
 15559 | D:11     | Found a staircase to the Lair.
 15841 | D:11     | Noticed a purple ugly thing
 15853 | D:11     | Killed a purple ugly thing
 15868 | D:11     | Found Niptar's Assorted Antiques.
 15880 | D:11     | Bought a runed cloak for 202 gold pieces
 16402 | Lair:1   | Entered Level 1 of the Lair of Beasts
 16888 | Lair:1   | Received a gift from Okawaru
 16891 | Lair:1   | Got an encrusted quick blade {god gift}
 16892 | Lair:1   | Identified the +8 quick blade of Deformation {freeze, rC+}
                  | (Okawaru gifted it to you on level 1 of the Lair of Beasts)
 17591 | Lair:1   | Reached XP level 12. HP: 71/91 MP: 10/15
 18014 | Lair:2   | Reached skill level 13 in Stealth
 18597 | Lair:3   | Found a staircase to the Swamp.
 18910 | Lair:3   | Got a smoking lapis lazuli ring
 18923 | Lair:3   | Identified the ring "Wetwasta" {Ice rElec rPois Str+2} (You
                  | found it on level 3 of the Lair of Beasts)
 19219 | Lair:4   | Reached skill level 10 in Dodging
 19432 | Lair:4   | Found a hole to the Spider Nest.
 19564 | Lair:4   | Noticed a death yak
 19580 | Lair:4   | Killed a death yak
 19580 | Lair:4   | Received a gift from Okawaru
 19580 | Lair:4   | Reached ****** piety under Okawaru
 20138 | Lair:5   | Noticed a catoblepas
 20146 | Lair:5   | Killed a catoblepas
 20240 | Lair:5   | Reached skill level 5 in Invocations
 20690 | Lair:5   | Reached skill level 14 in Stealth
 21196 | Lair:6   | Entered Level 6 of the Lair of Beasts
 21339 | Lair:6   | Reached XP level 13. HP: 98/99 MP: 13/17
 21428 | Lair:6   | Reached skill level 5 in Armour
 21529 | Lair:6   | Found a staircase to the Slime Pits.
 21743 | Lair:6   | Noticed Sonja
 21926 | Lair:6   | Killed Sonja
 21926 | Lair:6   | Received a gift from Okawaru
 22433 | Lair:6   | Received a gift from Okawaru
 22591 | Lair:6   | Reached skill level 15 in Stealth
 23208 | Lair:6   | Received a gift from Okawaru
 23575 | Lair:6   | Paralysed by a hornet for 3 turns
 23737 | Lair:6   | Found a runed translucent door.
 23738 | Lair:6   | Noticed a fire dragon
 23956 | Lair:6   | Upgraded the game from 0.24.1 to 0.24.1-4-ge52af88ad5
 24093 | Lair:6   | Reached XP level 14. HP: 85/109 MP: 10/19
 24787 | Orc:1    | Entered Level 1 of the Orcish Mines
 24788 | Orc:1    | Paralysed by an orc sorcerer for 7 turns
 24980 | Orc:1    | Received a gift from Okawaru
 25299 | Orc:2    | Entered Level 2 of the Orcish Mines
 25299 | Orc:2    | Found a staircase to the Elven Halls.
 26713 | Orc:2    | Noticed Rupert
 26729 | Orc:2    | Killed Rupert
 26729 | Orc:2    | Received a gift from Okawaru
 26729 | Orc:2    | Reached skill level 10 in Fighting
 26744 | Orc:2    | Got a dazzling demon blade {god gift}
 26745 | Orc:2    | Identified the +7 demon blade "Ydolien" {pain, rC+ rN++
                  | Int-4} (Okawaru gifted it to you on level 2 of the Orcish
                  | Mines)
 26749 | Orc:2    | Learned a level 1 spell: Animate Skeleton
 27197 | Orc:2    | Found Gipap's Assorted Antiques.
 27197 | Orc:2    | Found Hoip's Assorted Antiques.
 27199 | Orc:2    | Found Gaolorach's General Store.
 27199 | Orc:2    | Found Ruwittih's Armour Emporium.
 27216 | Orc:2    | Bought the +1 ring mail of Wariness {+Inv MR+++ Int-4} for
                  | 335 gold pieces
 27599 | D:12     | Found Diazivamm's Magic Scroll Boutique.
 27658 | D:12     | Reached skill level 1 in Necromancy
 27794 | D:12     | Received a gift from Okawaru
 28016 | D:12     | Reached skill level 1 in Evocations
 28426 | D:12     | Found a basalt altar of Yredelemnul.
 28466 | D:12     | Received a gift from Okawaru
 28469 | D:12     | Got a pair of faintly humming gloves {god gift}
 28480 | D:12     | Identified the +1 pair of gloves of Theory {Dex+5} (Okawaru
                  | gifted it to you on level 12 of the Dungeon)
 28707 | D:13     | Found a frozen archway.
 28730 | IceCv    | Entered an ice cave
 28731 | IceCv    | Found a transporter.
 28808 | IceCv    | Found a transporter.
 29042 | D:13     | Noticed a fire giant
 29137 | D:13     | Mangled by an ettin

Levels and vault maps discovered:
D:1:      shiori_arrival_oz, layout_rooms, lemuel_old_faithful
D:2:      layout_basic
D:3:      layout_rooms
D:4:      layout_layer_cave, serial_undead, serial_undead_c, serial_undead_d,
          serial_undead_d, serial_undead_d, serial_undead_c, serial_undead_c,
          serial_undead_a, grunt_ministairs_4, kennysheep_nub,
          cheibrodos_gnoll_hut, uniq_blork_the_orc
D:5:      layout_rooms, okawaru_trees_2, lightli_temple_of_fire, first_ration,
          nicolae_ossuary_entry_monument
D:6:      minmay_angry_zag, layout_basic, marbit_many_paths,
          kennysheep_mini_moat, bh_walls_and_bars, uniq_pikel,
          uniq_prince_ribbit1
D:7:      layout_loops_ring, ashenzari_conservatory_becter,
          minmay_temple_entry_trees, trog_three_pillars_becter, uniq_duvessa
D:8:      layout_loops_ring
D:9:      layout_stronghold, nicolae_overflow_hidden_temple,
          overflow_temple_1_default, nicolae_ru_path_of_blood,
          gammafunk_ghost_necromancy, david_nohive_1
D:10:     layout_loops_cross, minmay_orc_entry_guard_dogs,
          gammafunk_ghost_mausoleum, serial_shops, shop_statue, shop, shop,
          fedhas_altar_fruit_tree, uniq_grum
D:11:     layout_roguey, dpeg_oklobed_lair, serial_shops,
          nicolae_shop_overgrown_old_shop, kennysheep_generic_room_13
D:12:     layout_rooms, special_room [special_room_bee], serial_shops,
          nicolae_shop_crystal, chequers_big_river,
          lemuel_mausoleum_altar_yredelemnul
D:13:     minmay_chopped_fan, layout_cave_pools, erik_vaults_2,
          portal_ice_cave_demonic_guard, hangedman_decor_lopped
Lair:1:   layout_long_grid, special_room, serial_bayou_crossing
Lair:2:   layout_hall_layers, serial_forest, infiniplex_forest_clump_large,
          infiniplex_forest_clump_double, infiniplex_forest_straight_4,
          infiniplex_forest_clump_double, infiniplex_forest_clump_diagonal,
          infiniplex_forest_lined_corner
Lair:3:   layout_gridlike, swamp_mist, st_stairs_8, minmay_lair_oklob_items
Lair:4:   layout_gridlike, spider_nest_entry_webs, beast_lair_carwin_8
Lair:5:   layout_cave_pods, nicolae_quartered_pool_medium, lemuel_fruit_tree,
          serial_bayou_shore_b, grunt_megastairs_3
Lair:6:   hangedman_lair_tendril_chambers, layout_long_grid, wormcave,
          slime_dummy, chequers_serial_rivers_room_a,
          chequers_serial_rivers_room_a, uniq_sonja
Orc:1:    layout_caves
Orc:2:    grunt_orc_tribal_feast, layout_caves, uniq_rupert

Skill      XL: |  1  2  3  4  5  6  7  8  9 10 11 12 13 14 |
---------------+-------------------------------------------+-----
Short Blades   | 2 3 4 5 7 8 10 | 10.0
Fighting       | 1 2 3 4 5 6 7 8 9 10 | 10.3
Hexes          | 5 6 7 |  7.0
Dodging        | 3 4 6 7 8 9 10 11 12 | 12.4
Stealth        | 5 7 8 10 11 12 14 15 | 15.9
Invocations    | 2 3 5 6 7 |  7.8
Long Blades    | 1 4 7 8 9 |  9.3
Armour         | 2 4 6 7 |  7.0
Shields        | 1 4 |  4.0
Spellcasting   | 3 |  3.1
Necromancy     | 2 |  2.5
Evocations     | 1 |  1.8

Action                   |  1- 3 |  4- 6 |  7- 9 | 10-12 | 13-15 || total
-------------------------+-------+-------+-------+-------+-------++-------
Melee: Dagger            |    92 |   192 |   622 |   433 |       ||  1339
       Bite              |     3 |    15 |    74 |   122 |   194 ||   408
       Long sword        |       |       |    79 |   200 |    79 ||   358
       Quick blade       |       |       |       |   396 |   914 ||  1310
       Punch             |       |       |       |     1 |       ||     1
       Demon blade       |       |       |       |       |   337 ||   337
Throw: Stone             |    31 |    27 |    23 |    31 |       ||   112
       Dart              |       |       |       |    53 |    94 ||   147
       Boomerang         |       |       |       |     3 |     9 ||    12
 Cast: Corona            |    19 |     1 |       |       |       ||    20
       Ensorcelled Hiber |    20 |    20 |       |       |       ||    40
       Confusing Touch   |       |    13 |    50 |    66 |    75 ||   204
Invok: Heroism           |       |       |     1 |     5 |    21 ||    27
       Finesse           |       |       |       |       |     2 ||     2
 Abil: Exsanguinate      |       |     1 |     3 |     1 |       ||     5
       Revivify          |       |     1 |     3 |     1 |       ||     5
       Evoke Flight      |       |       |       |       |     1 ||     1
Evoke: Wand              |       |       |       |       |     8 ||     8
  Use: Scroll            |     8 |     3 |    10 |     8 |    11 ||    40
       Potion            |     2 |       |     1 |     3 |     1 ||     7
 Stab: Sleeping          |    13 |    22 |    20 |    36 |    22 ||   113
       Confused          |       |    13 |    51 |    68 |    73 ||   205
       Distracted        |       |     1 |     1 |     7 |     2 ||    11
Armor: Robe              |    20 |     2 |       |       |       ||    22
       Leather armour    |       |    32 |    37 |       |       ||    69
       Ring mail         |       |       |    43 |   129 |   195 ||   367
Dodge: Dodged            |    64 |   110 |   281 |   441 |   532 ||  1428
Block: Buckler           |       |       |       |    17 |   217 ||   234
       Rpst.: Long sword |       |       |    13 |    51 |    13 ||    77
       Demon blade       |       |       |       |       |    64 ||    64
